AoeStats
← Springles

MegaRandom

509447100Analyzed
3v3 RM · 5d ago on Sep 26, 2026· 18m 11s· 6 players
Game mode
Random Map
Map size
Normal (6 player)
Population
200
Speed
Normal
Resources
Standard
Victory
Conquest
Starting age
Dark Age
Ending age
Imperial Age
RankedLock teamsTeams togetherTeam positionsShared explorationLock speedFull tech treeHidden civsTurbo modeCheats
Victory
Defeat
🇧🇪 Danes · Belgium
1824
+6
🇨🇱 Mapuche · Chile
1707
+9
🇦🇷 Franks · Argentina
1649
+10
🇺🇸 Malay · United States
1576
-9
🇲🇽 Ethiopians · Mexico
1576
-9
🇲🇽 Khmer · Mexico
1492
-7
Negroni
7:53 Loom
10:46 Feudal Age
11:16 Double-Bit Axe
13:55 Fletching
19:20 Castle Age
17:45 Gold Mining
Chaos
8:33 Loom
10:38 Feudal Age
18:49 Castle Age
18:04 Double-Bit Axe
Springles
10:51 Feudal Age
10:06 Loom
12:22 Double-Bit Axe
18:20 Castle Age
16:08 Loom
16:42 Forging
18:08 Padded Archer Armor
18:15 Scale Barding Armor
VL Le_Manch
11:56 Feudal Age
12:35 Loom
16:24 Castle Age
14:54 Double-Bit Axe
16:43 Fletching
17:20 Medium Warships
17:20 Bodkin Arrow
VL SlenderMan
7:19 Loom
9:48 Feudal Age
9:45 Double-Bit Axe
12:17 Fishing Lines
14:53 Wheelbarrow
19:26 Castle Age
17:57 Forging
DGHIR | Qeetsa
7:15 Loom
10:00 Feudal Age
10:22 Man-at-Arms
12:52 Double-Bit Axe
16:50 Fletching
Connection lost

Rejoining the realm…

Still unreachable

The connection could not be restored.

Session expired

The server has moved on; the page needs a fresh start.